Unix NetHack Version 3.7.0-95 Work-in-progress - last build Jan 1 2024 20:51:50 (6a0ccc5fa2390e420dd2d488a2f9488d2ae3a63b,branch:master). Game began 2024-01-03 18:43:14, ended 2024-01-03 19:10:26. Arasaka, chaotic female elven Ranger --------------- |..........F..| --------- |.............| |<...%..| #............).| |.......| #####|.............| |.......| ## |..>..........| #........-#### ------------%-- #--------- # # ## # ## # # # # -----# # --------------- |F..-# ### ##..............| |...|#0 --------|---- |.............| |....# |.{.........|# #..............| ----- |.....^.^....###r@r####|.............| ------------- --------------- Arasaka the Lookout St:14 Dx:10 Co:16 In:14 Wi:13 Ch:8 Chaotic Dlvl:4 $:43 HP:0(27) Pw:15(15) AC:6 Xp:3/44 T:1599 Latest messages: You are caught in a bear trap. You are caught in a bear trap. You are caught in a bear trap. You can see again. You are caught in a bear trap. You finally wriggle free. Your leg feels better. You see here a lembas wafer. You see here a lembas wafer. You learn more about your items by comparing them. f - an uncursed lembas wafer (5 in total). You hear a slow drip. You hear a door open. You stop searching. The jackal bites! You kill the jackal! You stop searching. The hobbit throws a dagger! You are almost hit by a dagger. The hobbit hits! You kill the hobbit! Welcome to experience level 3. There is a hobbit corpse here; eat it? [ynq] (n) This hobbit corpse is fatty. You finish eating the hobbit corpse. You hear a slow drip. You hit the floating eye! You are frozen by the floating eye's gaze! The wererat changes into a human. The wererat throws a dagger! The dagger hits the floating eye. The floating eye is killed! The wererat bites! The wererat bites! The wererat summons help! A giant rat suddenly appears next to you! A giant rat suddenly appears close by! The wererat bites! The giant rat bites! The wererat bites! The giant rat bites! The wererat bites! The giant rat bites! The wererat bites! You feel feverish. The giant rat bites! The wererat bites! The wererat bites! The wererat bites! You die... Inventory: Coins ('$') $ - 43 gold pieces Weapons (')') c - 54 uncursed +2 elven arrows d - 32 uncursed +0 elven arrows (in quiver) b - an uncursed +1 elven bow (alternate weapon; not wielded) a - the blessed +1 Sting (weapon in right hand) Armor ('[') e - an uncursed +3 elven cloak (being worn) Comestibles ('%') g - 2 uncursed food rations f - 5 uncursed lembas wafers Potions ('!') j - 2 uncursed potions of see invisible Rings ('=') l - an uncursed ring of teleport control Tools ('(') k - an uncursed skeleton key Arasaka the Ranger's attributes: Background: You were a Lookout, a level 3 female elven Ranger. You were chaotic, nominally on a mission for Mars who was opposed by Mercury (lawful) and Venus (neutral). You were right-handed. You were in the Dungeons of Doom, on level 4. You entered the dungeon 1599 turns ago. You had 44 experience points, 36 more were needed to attain level 4. Basics: You had 0 out of 27 hit points. You had all 15 energy points (spell power). Your armor class was 6. Your wallet contained 43 zorkmids. Autopickup was on for '$"?' plus thrown, with exceptions. Final Characteristics: Your strength was 14 (limit:18). Your dexterity was 10 (limit:18). Your constitution was 16 (limit:16). Your intelligence was 14 (limit:20). Your wisdom was 13 (limit:20). Your charisma was 8 (limit:18). Final Status: You weren't hungry. You were unencumbered. You were wielding a dagger. You had basic skill with dagger. Final Attributes: You were devoutly aligned. You were level-drain resistant. You were aware of the presence of orcs. You had automatic searching. You had infravision. You were stealthy. You were warded. You were a wererat. You were harmed by silver. You are dead. Miscellaneous: You disabled loading of bones levels. Total elapsed playing time was 27 minutes and 12 seconds. Major events: Turn 1: Arasaka the chaotic female elven Ranger entered the dungeon 1: became literate by naming Sting 1088: entered the Gnomish Mines 1396: attained the rank of Lookout (level 3) 1599: killed by a wererat, while frozen by a floating eye's gaze Vanquished creatures: a floating eye an acid blob 2 hobbits 3 giant rats a yellow mold a gnome 2 gnome zombies a jackal 2 sewer rats 2 grid bugs 2 lichens 6 newts 24 creatures vanquished. No species were genocided or became extinct. Voluntary challenges: You were an atheist. You read items or engraved 2 times. You never engraved Elbereth. You never genocided any monsters. You never polymorphed an object. You never changed form. You used no wishes. Achievements: You entered the Gnomish Mines. You attained the rank of Lookout. The Dungeons of Doom: levels 1 to 4 Level 1: A fountain. Level 2: Level 3: A fountain. Level 4: <- You were here. A sink. Stairs down to The Gnomish Mines. Final resting place for you, killed by a wererat, while frozen by a floating eye's gaze. The Gnomish Mines: Level 5: Game over: ---------- / \ / REST \ / IN \ / PEACE \ / \ | Arasaka | | 43 Au | | killed by a | | wererat | | | | | | 2024 | *| * * * | * _________)/\\_//(\/(/\)/\//\/|_)_______ Goodbye Arasaka the Ranger... You died in The Dungeons of Doom on dungeon level 4 with 425 points, and 43 pieces of gold, after 1599 moves. You were level 3 with a maximum of 27 hit points when you died.